Map: Kairos Junction LE

Players

scarlett - Winner!

  • Race: Zerg Zerg
  • League: Master
  • Spawn Location: 5:00

Neeb

  • Race: Protoss Protoss
  • League: Master
  • Spawn Location: 11:00

Event: 2019 WCS Winter Americas

VOD

Have the link to the VOD?

Description

Time

  • Played on: March 24, 2019, 1:58 p.m.
  • Length: 3:39

All games in this series

Show
View Real Time Build Order
Export as new Build Order

scarlett Zerg - Winner!

Build Orders: Hatch First 

Get SALT Encoding   

  12  0:00  Drone  
  13  0:12  Overlord  
  13  0:17  Drone  
  14  0:30  Drone x2  
  16  0:37  Drone  
  17  0:45  Drone  
  18  0:55  Hatchery  
  17  0:58  Drone  
  17  1:00  Extractor  
  17  1:07  Drone  
  18  1:16  Spawning Pool  
  17  1:20  Drone  
  18  1:28  Drone  
  19  1:38  Drone  
  20  1:53  Drone  
  21  1:58  Hatchery  
  20  2:04  Metabolic Boost  
  20  2:09  Queen  
  22  2:18  Queen  
  22  2:22  Zergling x2  
  25  2:24  Zergling x2  
  25  2:28  Overlord  
  26  2:34  Zergling x2  
  26  2:35  Zergling x2  
  28  2:50  Zergling x10  
  33  2:56  Queen  
  35  2:59  Overlord  
  35  3:06  Zergling x2  
  32  3:22  Zergling x12  
Show
View Real Time Build Order
Export as new Build Order

Neeb Protoss 

Build Orders: 1 Gate Expand, Dark Templar Rush 

Get SALT Encoding   

  12  0:00  Probe  
  13  0:12  Probe  
  14  0:18  Pylon  
  14  0:24  Probe  
  15  0:32  Probe  
  15  0:40  Probe  
  16  0:42  Gateway  
  17  0:50  Assimilator  
  17  0:51  Probe  
  18  1:03  Probe  
  19  1:15  Probe  
  20  1:29  Cybernetics Core  
  20  1:36  Nexus  
  20  1:38  Probe  
  21  1:46  Pylon  
  21  1:50  Probe  
  22  1:55  Assimilator, Adept  
  22  2:02  Probe  
  25  2:14  Probe  
  26  2:15  Adept  
  26  2:26  Probe  
  29  2:37  Adept  
  29  2:38  Twilight Council  
  29  2:39  Probe  
  30  2:48  Probe  
  30  2:51  Probe  
  34  2:57  Robotics Facility  
  34  3:00  Probe  
  34  3:03  Probe  
  36  3:10  Gateway  
  36  3:12  Probe  
  36  3:15  Probe  
  38  3:25  Probe  
  35  3:28  Dark Shrine  
  35  3:32  Gateway  
Tags
 
Add a new tag
Caveats
  • Supply blocks, unpowered buildings, or Contaminate may cause inaccurate times.
  • Supply counts are checked every 10 seconds.